 Dungeon Crawl Stone Soup version 0.25-a0-785-gb22c70e859 (webtiles) character file.

Game seed: 2154898147484910611, levelgen mode: deterministic

482 tilp the Bolt Thrower (level 7, -3/43 HPs)
             Began as a Kobold Arcane Marksman on Apr 17, 2020.
             Slain by an orc warrior
             ... wielding a +0 glaive
              (10 damage)
             ... on level 3 of the Dungeon.
             The game lasted 00:15:52 (5267 turns).

tilp the Bolt Thrower (Kobold Arcane Marksman)      Turns: 5267, Time: 00:15:54

Health: -3/43      AC: 11    Str:  8    XL:     7   Next: 34%
Magic:  10/10      EV: 13    Int: 15    God:
Gold:   149        SH:  0    Dex: 16    Spells: 4/10 levels left

rFire    . . .     SeeInvis .   a - +1 hand crossbow
rCold    . . .     Gourm    .   (shield restricted)
rNeg     . . .     Faith    .   j - +4 ring mail
rPois    .         Spirit   .   (no helmet)
rElec    .         Reflect  .   h - +1 cloak
rCorr    .         Harm     .   (no gloves)
MR       .....                  (no boots)
Stlth    +.........             (no amulet)
HPRegen  0.14/turn              (no ring)
MPRegen  0.12/turn              (no ring)

@: no status effects
A: small, carnivore
a: no special abilities


You were on level 3 of the Dungeon.
You were completely stuffed.

You visited 1 branch of the dungeon, and saw 6 of its levels.

You collected 149 gold pieces.

Inventory:

Hand Weapons
 a - a +1 hand crossbow (weapon)
 b - a +0 mace
 o - a +0 dagger
Missiles
 d - 27 bolts (quivered)
 g - 57 arrows
 l - 4 silver boomerangs
 t - 2 boomerangs
Armour
 e - a +0 robe
 h - a +1 cloak (worn)
 i - a +0 leather armour
 j - a +4 ring mail (worn)
Jewellery
 k - a +2 ring of strength {unknown}
 m - an uncursed ring of see invisible {unknown}
Scrolls
 f - 2 scrolls of identify
 p - a scroll of teleportation {unknown}
 s - a scroll of immolation {unknown}
 v - a scroll of remove curse {unknown}
Potions
 q - a potion of flight
 r - a potion of resistance {unknown}
Comestibles
 c - 4 rations


   Skills:
 - Level 4.2 Fighting
 - Level 6.0 Crossbows
 + Level 3.5 Dodging
 - Level 2.0 Spellcasting
 - Level 4.0 Hexes


You had 4 spell levels left.
You knew the following spells:

 Your Spells              Type           Power        Failure   Level  Hunger
a - Corona                Hex            ##.....      13%         1    #......
b - Slow                  Hex            ##......     21%         2    ###....
c - Portal Projectile     Hex/Tloc       #.....       65%         3    ###....

Your spell library contained the following spells:

 Spells                   Type           Power        Failure   Level  Hunger
 Inner Flame              Hex/Fire       #.......     65%         3    ###....
 Cause Fear               Hex            ##........   78%         4    #####..
 Leda's Liquefaction      Hex/Erth       #.........   96%         4    #####..


Dungeon Overview and Level Annotations

Branches:
Dungeon (6/15)
 Temple: D:4-7

Altars:

Annotations:
D:3 Grinder, Ijyb
D:6 Eustachio


Innate Abilities, Weirdness & Mutations

You are small and have problems with some larger weapons.
You are carnivorous and can eat meat at any time.


Message History

Press: ? - help, Shift-Dir - straight line, f/p - orc warrior
Aim: an orc warrior, wielding a +0 glaive and wearing a +0 chain mail of positive energy (moderately wounded)
You shoot a bolt. The bolt barely misses the orc warrior.
The orc warrior barely misses you. The orc warrior closely misses you.
Casting: Slow (safe; 21% risk of failure)
Confirm with . or Enter, or press ? or * to list all spells.
You can't see any susceptible monsters within range! (Use Z to cast anyway.) Unknown command.
All of the chunks of flesh in your inventory have rotted away.
You see here 5 bolts.
d - 27 bolts (gained 5)
The orc warrior hits you from afar with a +0 glaive!
* * * LOW HITPOINT WARNING * * *
You see here 8 bolts.
You see here a cursed -1 club.
Okay, then.
Okay, then.
The orc warrior hits you from afar with a +0 glaive!
You die...

.......#.##......#
..5....#.##.#..###
.......#.##.#...####
..[.#....##........#
....#.....###...##.#
#########.# #...##.# ......#
#.###....#.# #####5#
#.#......#.# #'#
#.#<###.@#o#
.......##.#####..#.# ##
.......##........o.# #..
.......#########.### #.# .
..............##..# #.# .
............#.###.## #.# .
#####.......#..o)..# #.# .
#.......#..#...#######.# .
.......#..#..(....(...#####.


You could see an orc warrior.

Vanquished Creatures
  A bullfrog (D:6)
  A crimson imp (D:5)
  A bullfrog zombie (D:6)
  A hound (D:6)
  A centaur skeleton (D:4)
  3 orc priests
  Jessica (D:2)
  2 orc wizards (D:3)
  2 adders
  2 oozes
  4 worms
  2 dart slugs
  3 leopard geckos
  10 orcs
  12 bats
  7 hobgoblins
  11 jackals
  A quokka (D:2)
  2 ball pythons
  3 frilled lizards
  7 goblins
  7 kobolds
  9 rats
93 creatures vanquished.

Notes
Turn   | Place    | Note
-------+----------+-------------------------------------------
     0 | D:1      | tilp the Kobold Arcane Marksman began the quest for the
                  | Orb.
     0 | D:1      | Reached XP level 1. HP: 12/12 MP: 2/2
   120 | D:1      | Reached skill level 3 in Crossbows
   172 | D:1      | Reached XP level 2. HP: 14/16 MP: 1/3
   424 | D:1      | Reached skill level 4 in Crossbows
   424 | D:1      | Reached XP level 3. HP: 5/20 MP: 1/4
   574 | D:1      | Learned a level 2 spell: Slow
  1685 | D:2      | Reached XP level 4. HP: 22/25 MP: 3/5
  2148 | D:2      | Reached skill level 5 in Crossbows
  2372 | D:2      | Noticed Jessica
  2377 | D:2      | Killed Jessica
  2694 | D:3      | Found a faded altar of an unknown god.
  2695 | D:3      | Noticed an orc warrior
  2697 | D:3      | Noticed Grinder
  2699 | D:3      | Reached skill level 6 in Crossbows
  2699 | D:3      | Reached XP level 5. HP: 29/29 MP: 6/6
  2706 | D:2      | Learned a level 3 spell: Portal Projectile
  3081 | D:3      | Noticed Ijyb
  3642 | D:3      | You fall into a shaft and drop 3 floors!
  3652 | D:5      | Entered Level 5 of the Dungeon
  3708 | D:5      | Reached XP level 6. HP: 18/34 MP: 5/9
  3731 | D:5      | Noticed Eustachio
  3830 | D:6      | HP: 1/34 [orc priest/divine providence (16)]
  4048 | D:6      | Reached XP level 7. HP: 18/42 MP: 10/10
  5267 | D:3      | Slain by an orc warrior

Levels and vault maps discovered:
D:1:      tarquinn_simple_flora_water_c, layout_basic, serial_glass,
          glass_columns_a, glass_columns_c
D:2:      layout_loops_cross, uniq_jessica
D:3:      layout_basic, chequers_ecumenical_altar_simple_redux,
          minmay_large_rounded_square, minmay_randomly_rotated_circles,
          uniq_grinder, uniq_ijyb
D:4:      layout_loops_cross, gammafunk_temple_overflow_wave, serial_shops,
          shop_fountains, kennysheep_little_box, kennysheep_mini, shop, shop,
          first_ration, nicolae_tso_besieged_by_evil
D:5:      layout_basic, fedhas_altar_fruit_tree, temple_pool_b, uniq_eustachio
D:6:      layout_loops_ring, nicolae_ossuary_entry_ruins, fountainhead,
          uniq_prince_ribbit1

Skill      XL: |  1  2  3  4  5  6  7 |
---------------+----------------------+-----
Crossbows      | 3 4 6 |  6.0
Spellcasting   | 2 |  2.0
Hexes          | 4 |  4.0
Fighting       | 3 4 |  4.2
Dodging        | 3 |  3.5

Action                   |  1- 3 |  4- 6 |  7- 9 || total
-------------------------+-------+-------+-------++-------
Melee: Dagger            |    60 |    65 |       ||   125
       Hand crossbow     |     1 |       |       ||     1
       Mace              |       |     9 |    47 ||    56
 Fire: Hand crossbow     |    71 |   133 |    38 ||   242
Throw: Boomerang         |       |     4 |     9 ||    13
 Cast: Corona            |    14 |    19 |       ||    33
       Slow              |       |     3 |     1 ||     4
  Use: Scroll            |     1 |     6 |       ||     7
       Potion            |       |     3 |       ||     3
 Stab: Sleeping          |       |     1 |       ||     1
  Eat: Chunk             |    11 |     8 |     4 ||    23
Armor: Leather armour    |    39 |    46 |       ||    85
       Ring mail         |       |     1 |    39 ||    40
Dodge: Dodged            |    85 |   117 |    92 ||   294

Table legend:
 A = Non-vault XP
 B = Vault XP
 C = Vault XP percentage of total XP
 D = Non-vault monster count
 E = Vault monster count
 F = Vault count percentage of total count
                 A         B        C        D         E       F
            +---------+---------+-------+---------+---------+-------
      Total |     643 |      46 |   6.7 |      86 |       7 |   7.5
            +---------+---------+-------+---------+---------+-------
        D:1 |      56 |       0 |   0.0 |      32 |       0 |   0.0
        D:2 |      42 |      37 |  46.8 |      13 |       1 |   7.1
        D:3 |     123 |       9 |   6.8 |      23 |       6 |  20.7
        D:4 |      41 |       0 |   0.0 |       1 |       0 |   0.0
        D:5 |     103 |       0 |   0.0 |       6 |       0 |   0.0
        D:6 |     278 |       0 |   0.0 |      11 |       0 |   0.0
            +---------+---------+-------+---------+---------+-------
